 Dungeon Crawl Stone Soup version 0.18-a0-1747-g18c4181 (webtiles) character file.

3 Gimar the Insei (level 1, 0/15 HPs)
             Began as a Merfolk Transmuter on Apr 12, 2016.
             Slain by a jackal (3 damage)
             ... on level 1 of the Dungeon.
             The game lasted 00:00:57 (521 turns).

Gimar the Insei (Merfolk Transmuter)                 Turns: 521, Time: 00:00:57

Health: 0/15       AC:  2    Str: 10    XL:     1   Next: 50%
Magic:  2/3        EV: 13    Int: 12    God:
Gold:   13         SH:  0    Dex: 14    Spells: 1 memorised, 3 levels left

rFire  . . .     SeeInvis .       - Unarmed
rCold  . . .     Gourm    .     b - +0 robe
rNeg   . . .     Faith    .     (no shield)
rPois  .         Spirit   .     (no helmet)
rElec  .         Dismiss  .     (no cloak)
rCorr  .         Reflect  .     (no gloves)
SustAt .         Harm     .     (no boots)
MR     .....                    (no amulet)
Stlth  +.........               (no ring)
                                (no ring)

@: appendage (expiring), not resistant to hostile enchantments, very unstealthy
A: change form in water, swift swim, horns 2
a: End Transformation


You were on level 1 of the Dungeon.
You were not hungry.
You had grown temporary horns.
You visited 1 branch of the dungeon, and saw 1 of its levels.

You collected 13 gold pieces.

Inventory:

Missiles
 a - 12 arrows
Armour
 b - a +0 robe (worn)
Scrolls
 e - a scroll of remove curse {unknown}
Books
 c - a book of Changes

   Spells                             Type                      Level
   a - Beastly Appendage              Transmutation                1
   b - Sticks to Snakes               Transmutation                2
   c - Spider Form                    Transmutation/Poison         3
   d - Ice Form                       Ice/Transmutation            4
   e - Blade Hands                    Transmutation                5
Comestibles
 d - a bread ration


   Skills:
 - Level 1.1 Fighting
 - Level 2.6 Dodging
 + Level 3.2 Unarmed Combat
 + Level 2.1 Spellcasting
 * Level 3.0 Transmutations


You had 3 spell levels left.
You knew the following spells:

 Your Spells              Type           Power        Failure   Level  Hunger
a - Beastly Appendage     Trmt           #.....       10%         1    ##.....


Dungeon Overview and Level Annotations

Branches:
Dungeon (1/15)

Altars:


Innate Abilities, Weirdness & Mutations

You revert to your normal form in water.
You are very nimble and swift while swimming.
You have a pair of horns on your head.


Message History

You grow a pair of large bovine horns.
The jackal bites you but does no damage.
You barely miss the jackal. Your headbutt misses the jackal.
The jackal is moderately wounded.
The jackal barely misses you.
You hit the jackal but do no damage.
The jackal is moderately wounded.
The jackal closely misses you. The jackal misses you.
You hit the jackal but do no damage.
The jackal is moderately wounded.
Your transformation is almost over.
The jackal closely misses you.
You hit the jackal but do no damage.
The jackal is moderately wounded.
The jackal bites you.
* * * LOW HITPOINT WARNING * * *
You barely miss the jackal.
The jackal is moderately wounded.
The jackal bites you.
You die...

#..# #..# #!.#
#.. #..# #.#
#. #..### #.#
#. #h...# #.#
#. #h##.# #.#
#. #h# #
##.####. #@#
#....... #.#
#..####. #.#
.######.......
#.#
........#####.
#.#
#######.......
#.# #.######
#.# #.# #.#
#.#
#.#########.#


You could see 3 jackals.

Vanquished Creatures
  A goblin (D:1)
  A jackal (D:1)
  A bat (D:1)
3 creatures vanquished.

Notes
Turn   | Place    | Note
--------------------------------------------------------------
     0 | D:1      | Gimar the Merfolk Transmuter began the quest for the Orb.
     0 | D:1      | Reached XP level 1. HP: 15/15 MP: 3/3
     0 | D:1      | Noticed a vampire
     1 | D:1      | Noticed a vampire
     1 | D:1      | Noticed a ghoul
     3 | D:1      | Noticed an elf
     7 | D:1      | Noticed a draconian
     8 | D:1      | Noticed a gargoyle
    16 | D:1      | Noticed a troll
    18 | D:1      | Noticed an octopode
    18 | D:1      | Noticed a human
    19 | D:1      | Noticed a draconian
    21 | D:1      | Noticed a vine stalker
    23 | D:1      | Noticed an octopode
    23 | D:1      | Noticed an ogre
    23 | D:1      | Noticed a spriggan
    26 | D:1      | Noticed an elf
    30 | D:1      | Noticed a felid
   521 | D:1      | Slain by a jackal

Vault maps used:
D:1:      shiori_arrival_whats_in_store_for_you, minmay_misc_feat_x, st_stairs_8

Skill      XL: |  1 |
---------------+----+-----
Transmutations | 3 |  3.0
Fighting       | |  1.1
Dodging        | |  2.6
Unarmed Combat | |  3.2
Spellcasting   | |  2.1

Action                   || total
-------------------------++-------
Melee: Unarmed           ||    28
       Headbutt          ||     1
 Cast: Beastly Appendage ||     3
 Stab: Sleeping          ||     1
Armor: Robe              ||     4
Dodge: Dodged            ||    19
